 Dungeon Crawl Stone Soup version 0.29.1-15-g9cfb28693d (webtiles) character file.

Game seed: 8239195071701826753

2 Heoruswealwe the Digger (level 1, 10/10 HPs)
             Began as a Deep Elf Earth Elementalist on Apr 4, 2023.
             Got out of the dungeon alive.
             The game lasted 00:01:40 (223 turns).

Heoruswealwe the Digger (DEEE)                       Turns: 223, Time: 00:01:41

Health: 10/10      AC:  2    Str:  5    XL:     1   Next: 25%
Magic:  6/6        EV: 12    Int: 19    God:
Gold:   10         SH:  0    Dex: 15    Spells: 5/6 levels left

rFire   . . .      SeeInvis .   (no weapon)
rCold   . . .      Faith    .   (no shield)
rNeg    . . .      Spirit   .   a - +0 robe
rPois   .          Reflect  .   (no helmet)
rElec   .          Harm     .   (no cloak)
rCorr   .          Rampage  .   (no gloves)
Will    .....                   (no boots)
Stlth   ++........              (no amulet)
HPRegen 0.03/turn               (no ring)
MPRegen 0.10/turn               (no ring)

@: no status effects
A: no striking features
a: no special abilities


You escaped.
You visited 1 branch of the dungeon, and saw 1 of its levels.

You collected 10 gold pieces.

Inventory:

Armour
 a - a +0 robe (worn)
Potions
 b - a potion of magic
 c - a potion of curing {unknown}


   Skills:
 - Level 2.4 Dodging
 - Level 2.4 Stealth
 + Level 3.1 Spellcasting
 - Level 1.1 Transmutations
 + Level 3.3 Earth Magic


You had 5 spell levels left.
You knew the following spells:

 Your Spells              Type           Power      Damage    Failure   Level
a - Sandblast             Erth           30%        2d9       3%          1

Your spell library contained the following spells:

 Spells                   Type           Power      Damage    Failure   Level
 Passwall                 Tmut/Erth      9%         N/A       9%          2
 Stone Arrow              Conj/Erth      18%        3d8       22%         3
 Petrify                  Tmut/Erth      11%        N/A       52%         4


Dungeon Overview and Level Annotations

Branches:
Dungeon (1/15)

Altars:


Message History

Press ? for a list of commands and other information.
Found a staircase leading out of the dungeon.
Found 5 stones.
Found a coppery potion.
You see here 5 stones.
c - a coppery potion You open the door.
Why would you want to do that? Why would you want to do that?
You open the door.
There is an open door here.
Found a stone staircase leading down.
A hobgoblin comes into view.
The blast of sand hits the hobgoblin.
The hobgoblin is almost dead.
The blast of sand hits the hobgoblin!
You kill the hobgoblin!
Found 3 stones.
You see here 3 stones.
A ball python comes into view.
The ball python bites you but does no damage.
The ball python grabs you. The ball python constricts you.
The blast of sand hits the ball python.
You kill the ball python!
You see here a ball python corpse.
There is a stone staircase leading down here.
Found 10 gold pieces.
You now have 10 gold pieces.
You open the door.
There is an open door here.
There is an open door here.
You open the door.
Found 5 stones.
There is an open door here.
You see here 5 stones.
There is an open door here.
There is an open door here.
There is a staircase leading out of the dungeon here.
Are you sure you want to leave the Dungeon?
This will make you lose the game!
You have escaped!

#........# #.#.#.# #.
################# #.#.#.###.
###.........#### #.#.....#.
...............###### #.....#.#.
.....⌠...⌠......'...# #######.#.
..⌠.........⌠...###.##########.#.
.......≈(........#.............#.
.⌠...........⌠...#.###......>###.
....≈.....≈.....@#.# #.##.##.# #.
.⌠...........⌠...#.###.#..##.####
.......≈.........#.#......##...#
..⌠.........⌠...##.#.#.♣♣.♣♣.#.#
.....⌠...⌠...........♣♣♣♣.♣♣♣♣.##
...............##.###♣♣PP.PP♣♣..#
###.........#####.# ♣PP...PP♣♣†#
########### # ♣P.....P♣♣.#
......⌠...(..#


There were no monsters in sight!

Vanquished Creatures
  A hobgoblin (D:1)
  A ball python (D:1)
2 creatures vanquished.

Notes
Turn   | Place    | Note
-------+----------+-------------------------------------------
     0 | D:1      | Heoruswealwe the Deep Elf Earth Elementalist began the
                  | quest for the Orb.
     0 | D:1      | Reached XP level 1. HP: 10/10 MP: 6/6
   223 | D:$      | Got out of the dungeon alive.

Illustrated notes

Levels and vault maps discovered:
D:1:      dpeg_arrival_stone_temple_mockup, layout_basic, serial_forest,
          infiniplex_forest_clump_diagonal, infiniplex_forest_end_2,
          infiniplex_forest_fountain, infiniplex_forest_end_2,
          infiniplex_forest_zigzag_2, infiniplex_forest_lined_4_way,
          infiniplex_forest_clump_C, infiniplex_forest_clump_curved,
          infiniplex_forest_end_1

Action                   || total
-------------------------++-------
 Cast: Sandblast         ||     3
Armor: Robe              ||     1
